 Dungeon Crawl Stone Soup version 0.29-a0-542-g075992c915 (webtiles) character file.

Game seed: 8888699153837832888

253 Bruhh the Ruffian (level 6, -1/56 HPs)
             Began as a Naga Transmuter on June 4, 2022.
             Slain by an iguana (9 damage)
             ... on level 4 of the Dungeon.
             The game lasted 00:03:58 (4616 turns).

Bruhh the Ruffian (Naga Transmuter)                 Turns: 4616, Time: 00:03:58

Health: -1/56      AC:  0    Str: 12    XL:     6   Next: 14%
Magic:  5/11       EV:  9    Int: 16    God:
Gold:   205        SH:  0    Dex: 11    Spells: 7/11 levels left

rFire   . . .      SeeInvis +     - Unarmed
rCold   . . .      Faith    .   (no shield)
rNeg    . . .      Spirit   .   a - +1 robe
rPois   +          Reflect  .   (no helmet)
rElec   .          Harm     .   (no cloak)
rCorr   .          Rampage  .   (no gloves)
Will    .....                   (no barding)
Stlth   +.........              (no amulet)
HPRegen 0.18/turn               (no ring)
MPRegen 0.12/turn               (no ring)

@: about to teleport, corroded, very slow
A: AC +2, large, see invisible, deformed body, poison resistance, slowness 2,
spit poison 1, naga tail 1
a: Spit Poison


You were on level 4 of the Dungeon.
You visited 1 branch of the dungeon, and saw 4 of its levels.

You collected 205 gold pieces.

Inventory:

Armour
 a - a +1 robe (worn)
Jewellery
 i - a +6 ring of intelligence
Wands
 o - a wand of flame (17)
Scrolls
 e - a scroll of teleportation
 f - 3 scrolls of amnesia
 g - 2 scrolls of vulnerability
 h - a scroll of fog
Potions
 c - 3 potions of curing
 d - a potion of heal wounds {unknown}
 j - a potion of ambrosia {unknown}
 k - a potion of cancellation {unknown}
 l - a potion of brilliance {unknown}
 m - a potion of berserk rage {unknown}


   Skills:
 + Level 3.2 Fighting
 - Level 1.5 Dodging
 + Level 4.3 Unarmed Combat
 + Level 3.4 Spellcasting
 - Level 3.0 Transmutations


You had 7 spell levels left.
You knew the following spells:

 Your Spells              Type           Power      Damage    Failure   Level
a - Beastly Appendage     Tmut           24%        N/A       5%          1
b - Spider Form           Tmut/Pois      7%         N/A       28%         3

Your spell library contained the following spells:

 Spells                   Type           Power      Damage    Failure   Level
 Wereblood                Tmut           12%        N/A       8%          2
 Foxfire                  Conj/Fire      8%         2x1d4     19%         1
 Ignite Poison            Fire/Tmut/Pois 5%         N/A       34%         3
 Conjure Flame            Conj/Fire      2%         6-21      47%         3
 Frozen Ramparts          Ice            4%         1d2       47%         3
 Inner Flame              Hex/Fire       2%         N/A       47%         3
 Mephitic Cloud           Conj/Pois/Air  2%         N/A       47%         3
 Ice Form                 Ice/Tmut       7%         N/A       67%         4
 Animate Dead             Necr           2%         N/A       87%         4
 Flame Wave               Conj/Fire      2%         2d4       87%         4
 Summon Ice Beast         Ice/Summ       2%         N/A       87%         4
 Freezing Cloud           Conj/Ice/Air   1%         6-21      99%         5
 Haunt                    Necr/Summ      1%         N/A       100%        7
 Infestation              Necr           1%         N/A       100%        8


Dungeon Overview and Level Annotations

Branches:
Dungeon (4/15)
 Temple: D:4-7

Altars:

Shops:
D:1 !

Annotations:
D:4 Ijyb


Innate Abilities, Weirdness & Mutations

Your serpentine skin is tough. (AC +2)
You have supernaturally acute eyesight. (SInv)
Armour fits poorly on your strangely shaped body.
Your system is resistant to poisons. (rPois)
You cover ground very slowly.
You can spit poison.
You have a snake-like lower body.


Message History

a +0 dagger; a +0 ring mail; an orc corpse
As you read the scroll of identify, it crumbles to dust.
b - a scroll of poison The iguana closely misses you.
Unknown command.
The air fills with toxic fumes!
As you read the scroll of poison, it crumbles to dust.
Your transformation has ended.
Your +1 robe unmelds from your body.
An orc comes into view. It is wielding a +0 flail.
The iguana barely misses you.
The adder is engulfed in poison gas.
The adder is poisoned.
The adder completely misses you.
As you read the scroll of identify, it crumbles to dust.
e - 2 scrolls of teleportation The adder is engulfed in poison gas.
The adder looks even sicker.
The adder bites you but does no damage.
The orc is engulfed in poison gas.
The orc is poisoned.
The iguana barely misses you.
Ijyb is engulfed in poison gas.
Ijyb is poisoned.
Okay, then.
You barely miss the adder.
The adder is almost dead.
You kill the adder!
The orc is engulfed in poison gas.
The orc looks even sicker.
You kill the orc!
The iguana closely misses you.
Ijyb is engulfed in poison gas.
Ijyb looks even sicker.
You punch the jelly!
Your hands burn!
The jelly is heavily wounded.
The jelly hits you. The acid corrodes you!
You are splashed with acid!
The iguana bites you!
Ijyb is engulfed in poison gas.
Ijyb looks even sicker.
Ijyb zaps a wand.
The puff of flame hits you!
* * * LOW HITPOINT WARNING * * *
The now-empty wand crumbles to dust.
As you read the scroll of teleportation, it crumbles to dust.
You feel strangely unstable. The jelly barely misses you. The iguana bites you!
* * * LOW HITPOINT WARNING * * *
Ijyb is engulfed in poison gas.
Ijyb looks as sick as possible!
Unknown command.
You feel better. The jelly closely misses you. The iguana bites you!
You die...

§§ §§.§§☼☼§#
§.☼§##☼.§§§§§### .#.
§§.§#§§.§§§.§#§##.... .
§§§.§§§S§§§§☼§§.....## .
§§§.§§.§§§§§§§........ §
☼§.☼#.g§§§#.........
§§§§#☼#§§§§☼##§......# #
§§§§§☼l@J§§.§§☼.....# .
.
§§§§§☼§☼§§§§§§§.....###.
.
§§§☼§§§§§§§§§§§......#..
.
§§§§§§§§§☼§☼☼§§...#.....
.
§§§☼§§§§§§§§☼☼§...#....#
.
§§§§☼§§§§§§§§§§...#...#
# §§☼§§§§§§☼§#§§§.#...#
#§§§§§§☼§§§#§§§.#.### [
#.............#


You could see Ijyb (extremely poisoned), an iguana and a jelly.

Vanquished Creatures
  An ogre (D:3)
  A howler monkey (D:4)
  An iguana (D:4)
  5 adders
  A worm (D:2)
  8 orcs
  5 endoplasms
  4 giant cockroaches
  8 goblins
  A hobgoblin (D:3)
  2 quokkas (D:1)
  4 ball pythons
  5 bats
  3 frilled lizards
  8 kobolds
57 creatures vanquished.

Notes
Turn   | Place    | Note
-------+----------+-------------------------------------------
     0 | D:1      | Bruhh the Naga Transmuter began the quest for the Orb.
     0 | D:1      | Reached XP level 1. HP: 18/18 MP: 3/3
   225 | D:1      | Reached XP level 2. HP: 22/25 MP: 3/5
  1224 | D:1      | Found Vetea's Distillery.
  1398 | D:2      | Reached XP level 3. HP: 30/31 MP: 4/6
  1493 | D:2      | Found a faded altar of an unknown god.
  2766 | D:2      | Learned a level 3 spell: Spider Form
  2798 | D:2      | Reached XP level 4. HP: 37/39 MP: 5/7
  3828 | D:3      | Noticed an ogre
  3838 | D:3      | Killed an ogre
  3839 | D:3      | Reached XP level 5. HP: 42/48 MP: 1/9
  3967 | D:3      | Reached skill level 4 in Unarmed Combat
  4268 | D:3      | You fall into a shaft and drop 1 floor!
  4602 | D:4      | Reached XP level 6. HP: 49/56 MP: 3/11
  4607 | D:4      | Noticed Ijyb
  4615 | D:4      | HP: 1/56 [iguana (12)]
  4616 | D:4      | Slain by an iguana

Illustrated notes

Levels and vault maps discovered:
D:1:      dpeg_arrival_another_circle, layout_rooms, serial_glass,
          glass_columns_b, glass_columns_c, serial_shops,
          nicolae_shop_window_shopping
D:2:      layout_basic, hellmonk_ecumenical_altar_arch_garden
D:3:      layout_basic
D:4:      layout_cave_pools, uniq_ijyb, uniq_robin, uniq_duvessa

Skill      XL: |  1  2  3  4  5 |
---------------+----------------+-----
Fighting       | 2 3 |  3.2
Spellcasting   | 3 |  3.4
Transmutations | 3 |  3.0
Unarmed Combat | 4 |  4.3
Dodging        | |  1.5

Action                   |  1- 3 |  4- 6 || total
-------------------------+-------+-------++-------
Melee: Unarmed           |    96 |    86 ||   182
       Headbutt          |    11 |    11 ||    22
       Punch             |       |     1 ||     1
 Cast: Beastly Appendage |    26 |    17 ||    43
       Spider Form       |       |     3 ||     3
 Abil: Spit Poison       |     9 |     3 ||    12
  Use: Potion            |     1 |     2 ||     3
       Scroll            |       |     9 ||     9
Armor: Robe              |    17 |    19 ||    36
       Skin              |     2 |       ||     2
Dodge: Dodged            |    43 |    60 ||   103

Table legend: (Time is in decaauts)
 A = Elapsed time spent in this place.
 B = Non-inter-level travel time spent in this place.
 C = Inter-level travel time spent in this place.
 D = Time resting spent in this place.
 E = Time spent auto-exploring this place.
 F = Levels seen in this place.
 G = Mean time per level.
                   A        B        C        D        E       F      G
               +--------+--------+--------+--------+--------+-----+--------+
         Total |   5492 |   5438 |     54 |      0 |   4845 |   4 | 1373.0 |
       Dungeon |   5492 |   5438 |     54 |      0 |   4845 |   4 | 1373.0 |
               +--------+--------+--------+--------+--------+-----+--------+

Top non-repeatable levels by time:
     D:2: 2112 daAuts
     D:3: 1643 daAuts
     D:1: 1606 daAuts
     D:4: 129 daAuts
